Map: Amphion LE

Players

boanaan - Winner!

  • Race: Protoss Protoss
  • League: Master
  • Spawn Location: 11:00

UpATree

  • Race: Terran Terran
  • League: Master
  • Spawn Location: 7:00

VOD

Have the link to the VOD?

Description

Time

  • Played on: July 17, 2024, 1:22 p.m.
  • Length: 6:23
Show
View Real Time Build Order
Export as new Build Order

boanaan Protoss - Winner!

Build Orders: Carrier Rush 

Get SALT Encoding   

  12  0:00  Probe  
  13  0:13  Probe  
  14  0:18  Pylon  
  14  0:25  Probe  
  15  0:37  Forge  
  15  0:39  Probe  
  16  0:51  Probe  
  17  0:59  Pylon  
  17  1:03  Probe  
  18  1:17  Photon Cannon  
  18  1:18  Gateway  
  18  1:23  Probe (Chrono Boost)  
  19  1:26  Assimilator  
  20  1:33  Probe (Chrono Boost)  
  20  1:35  Assimilator  
  20  1:38  Probe (Chrono Boost)  
  21  1:49  Probe  
  22  1:55  Photon Cannon  
  21  2:02  Probe  
  21  2:05  Zealot (Chrono Boost)  
  23  2:14  Probe  
  23  2:15  Cybernetics Core  
  24  2:32  Probe  
  25  2:44  Probe  
  26  2:53  Stargate  
  26  2:56  Shield Battery x2  
  26  2:59  Shield Battery  
  26  3:00  Stalker  
  28  3:07  Pylon  
  28  3:12  Probe  
  26  3:17  Pylon  
  26  3:39  Void Ray (Chrono Boost)  
  30  3:46  Shield Battery  
  30  4:07  Fleet Beacon  
  30  4:15  Shield Battery  
  30  4:28  Probe  
  30  4:30  Zealot  
  33  4:35  Pylon  
  33  4:51  Carrier (Chrono Boost)  
  39  5:00  Stalker  
  41  5:13  Nexus  
  41  5:30  Pylon  
Show
View Real Time Build Order
Export as new Build Order

UpATree Terran 

Build Orders: Cyclone Opening 

Get SALT Encoding   

  12  0:00  SCV  
  13  0:12  SCV  
  14  0:17  Supply Depot  
  14  0:24  SCV  
  15  0:39  SCV  
  15  0:40  Barracks  
  16  0:44  Refinery  
  16  0:53  Supply Depot  
  16  0:57  SCV  
  17  1:08  Refinery  
  17  1:09  SCV  
  18  1:21  SCV  
  19  1:27  Marine  
  20  1:37  SCV  
  19  1:43  Factory  
  19  1:51  Marine  
  20  1:57  SCV  
  20  2:10  Marine  
  20  2:14  Orbital Command  
  21  2:29  Marine  
  21  2:32  Cyclone  
  23  2:38  Supply Depot  
  21  3:05  Cyclone  
  21  3:16  Barracks  
  21  3:17  Starport  
  21  3:19  SCV  
  22  3:24  Supply Depot  
  23  3:34  SCV  
  23  3:39  Supply Depot  
  23  3:45  Cyclone  
  23  4:12  SCV  
  24  4:17  Cyclone  
  22  4:26  Viking  
  24  4:35  SCV  
  24  4:47  SCV  
  25  4:57  Cyclone  
  26  5:08  SCV  
  26  5:10  Viking  
  29  5:22  SCV  
  30  5:34  SCV  
  31  5:38  Cyclone  
  31  5:40  Viking  
  33  5:56  SCV  
Tags
 
Add a new tag
Caveats
  • Supply blocks, unpowered buildings, or Contaminate may cause inaccurate times.
  • Supply counts are checked every 10 seconds.